riotbit, chaotic male elven Ranger ----.-- # # --------------- |.....| ### .-. |.............| |.._.[.# ..(|# -.--- --.----+| |.....| ----- ..|-.- |..| --.|.-..| --.|--- ....| |....-|..|--+-..--|..| *|.| . |.| ---+-......|--........--.| -- *..| |.|-----......--................| ....-..- |....|........-|..--------|--..-- ........---- |.|..||...{.....--- ...|..-- ........I.---|....|--....... [?!?=|...| ....--.......*......-.....--- -------...| ...|..---...........%.|....| ----- |)......-- -.....|-.............---...-|.(`(| |.------- ---+---.-..-|..........--....|-...-.(((| |.|...| ............|...`.......|-...|...-|.(((| |.|...| -.---------......)..--..| .......| ----- |.--|------- |.|.(.(| --.......- ---- |....|--------.....|....| |.-.(((| -...--- |...--......|...{...).-.| --|.(((| --.....----........|..|(| ------ ------- --------------- riotbit the Trailblazer Experience level: 6 Strength: 15 Dexterity: 10 Constitution: 13 Intelligence: 16 Wisdom: 15 Charisma: 8 Health: 0(32) Energy: 37(37) Def: 4 Gold: 422 Moves: 3173 Dungeon seed: 2jhLsJNK2QkeIqzS Game ID: riotbit_1449911065 Your Inventory: Coins $ - 422 gold pieces Weapons a - a +1 elven dagger b - a +1 elven bow c - 26 +2 elven arrows (in quiver) d - 37 blessed +0 elven arrows v - 10 +0 shuriken D - 3 +0 arrows E - a blessed +1 bow (weapon in hand) Armor e - an uncursed +2 elven cloak (being worn) n - an uncursed +0 pair of water walking boots (being worn) q - an uncursed +0 dwarvish cloak y - a blessed +1 dwarvish cloak Comestibles f - 5 uncursed lembas wafers i - an uncursed food ration I - an uncursed gnome corpse Scrolls m - an uncursed scroll of teleportation x - a cursed scroll of fire F - an uncursed scroll of create monster Potions u - an uncursed potion of restore ability C - an uncursed potion of gain energy Wands h - a wand of create monster (0:13) t - a wand of magic missile (0:7) w - a wand of magic missile (0:6) Tools k - an uncursed sack l - 11 uncursed tallow candles (0:200) o - a +0 pick-axe s - an uncursed magic whistle A - an uncursed towel G - an uncursed brass lantern (lit) (0:1056) H - 6 cursed tallow candles (0:200) Gems N - an uncursed flint stone Contents of the sack: 11 +0 crossbow bolts Spells and supernatural/magical abilities: Name Level Category Fail Memory W - pray for help -- divine ? -- Your skills at the end: Fighting Skills Weapon Skills dagger [Basic] bow [Skilled] Spellcasting Skills Final Attributes: You were piously aligned. You were sleep resistant. You were blinded. You had automatic searching. You had infravision. You were stealthy. You could walk on water. You are dead. Vanquished creatures: a leprechaun a gnome king a rope golem a bugbear an imp an orc shaman a rock mole a fog cloud 2 yellow lights a shrieker 5 gnome lords a gnomish wizard a gray ooze 4 elf zombies 6 dwarves a kobold shaman an iguana 4 killer bees an acid blob 2 hobbits 5 manes a giant rat a yellow mold 18 gnomes 2 garter snakes a gnome zombie a gecko 6 jackals 2 foxes a goblin 5 grid bugs 2 bats 3 lichens a kobold zombie 3 newts 89 creatures vanquished. Voluntary challenges: You had been an atheist until turn 2879. You used a wielded weapon 14 times, starting on turn 250. You read items or engraved 2 times, starting on turn 550. You never genocided any monsters. You never polymorphed an object. You never changed form. You used no wishes. You never split a pudding. You wrote Elbereth's name 1 time, starting on turn 1833. You violated your moral code, losing 20 points of alignment, starting on turn 1364. Dungeon overview: The Dungeons of Doom: levels 1 to 3 Level 1 a long staircase Level 2 Level 3 some fountains, a sink stairs to The Gnomish Mines The Gnomish Mines: levels 4 to 7 Level 4 stairs to The Dungeons of Doom Level 5 Level 6 Level 7 <- You were here some shops, a temple to Mars, some fountains History has recorded: On T:1 you entered the Dungeons of Doom to retrieve the Amulet of Yendor! On T:437 you reached level 2 of The Dungeons of Doom. On T:831 you reached level 3 of The Dungeons of Doom. On T:959 you advanced to experience level 2. On T:1210 you advanced to experience level 3. On T:1232 you reached level 1 of The Gnomish Mines. On T:1315 you advanced to experience level 4. On T:1852 you advanced to experience level 5. On T:2084 you reached level 2 of The Gnomish Mines. On T:2554 you advanced to experience level 6. On T:2650 you reached level 3 of The Gnomish Mines. On T:2708 you reached level 4 of The Gnomish Mines. Score breakdown: Gold: 422 ( 8933 points) Experience: 6 levels (12456 points) Exploration: 7 levels ( 14.00%) (10497 points) Discoveries: 5 items ( 1.72%) ( 3939 points) Valuables value: (no points given unless you survive) Artifact value: 0 ( 0 points) Variety of kills: 35 monsters ( 9.19%) ( 9092 points) Turncount: 3173 turns ( -682 points) Survival: died (score multiplied by 80%) Total score: 35388 Latest messages: u - an uncursed orange potion. C - an uncursed smoky potion. h - an uncursed wand of create monster. w - an uncursed wand of magic missile. t - an uncursed wand of magic missile. k - an uncursed bag. s - an uncursed magic whistle. o - an uncursed pick-axe. l - 11 uncursed tallow candles. A - an uncursed towel. N - an uncursed gray stone. A gray stone lands on the altar. You don't have enough stamina to move. It hits! You die... Final status: Goodbye riotbit the Ranger, killed by a watchman... You died in The Gnomish Mines on dungeon level 7 with 35388 points, and 422 pieces of gold, after 3173 moves. You were level 6 with a maximum of 32 hit points when you died.